 Dungeon Crawl Stone Soup version 0.28-a0-245-g639a1a48b9 (webtiles) character file.

Game seed: 15271180701322007617

45667 siradein the Nimble (level 14, -10/135 HPs)
             Began as a Deep Dwarf Berserker on Aug 25, 2021.
             Was a High Priest of Trog.
             Mangled by a stone giant (27 damage)
             ... in a volcano.
             The game lasted 00:50:56 (18061 turns).

siradein the Nimble (Deep Dwarf Berserker)         Turns: 18061, Time: 00:50:57

Health: -10/135    AC: 23    Str: 30 (31) XL:     14   Next: 2%
Magic:  14/14      EV:  9    Int:  7 (9)  God:    Trog [*****.]
Gold:   641        SH: 20    Dex: 10 (12) Spells: 13/13 levels left

rFire   . . .      SeeInvis +   g - +1 spear (vamp)
rCold   . . .      Faith    .   t - +0 tower shield
rNeg    + . .      Spirit   .   K - +1 plate armour {rPois}
rPois   +          Reflect  +   P - +1 hat
rElec   .          Harm     .   i - +1 cloak {rCorr}
rCorr   +          Rampage  .   q - +0 pair of gloves
Will    ++...                   T - +0 pair of boots
Stlth   ..........              M - amulet of reflection
HPRegen 0.00/turn               n - +6 ring of strength
MPRegen 0.14/turn               a - ring of see invisible

@: on berserk cooldown, slowed, studying Long Blades, very slow
A: damage resistance, heal wounds, negative energy resistance 1, sense
surroundings 2, no regeneration
a: Heal Wounds, Renounce Religion, Berserk, Trog's Hand, Brothers in Arms


You were in a volcano.
You worshipped Trog.
Trog was extremely pleased with you.
You visited 2 branches of the dungeon, and saw 16 of its levels.
You also visited: Volcano.

You collected 791 gold pieces.
You spent 150 gold pieces at shops.

Inventory:

Hand Weapons
 g - a +1 vampiric spear (weapon)
 Q - a +5 vorpal dire flail
Missiles
 o - 8 atropa-tipped darts (quivered)
 y - 2 curare-tipped darts
 z - 3 throwing nets
Armour
 i - a +1 cloak of preservation (worn)
 q - a +0 pair of gloves (worn)
 t - a +0 tower shield (worn)
 K - a +1 plate armour of poison resistance (worn)
 P - a +1 hat (worn)
 T - a +0 pair of boots (worn)
Jewellery
 a - a ring of see invisible (right hand)
 b - an amulet of guardian spirit
 n - a +6 ring of strength (left hand)
 D - a ring of positive energy
 L - a ring of poison resistance
 M - an amulet of reflection (around neck)
 U - the ring of the Garden {*Slow rPois rC++ Will+ Int+3}
   (You found it on level 1 of the Lair of Beasts)

   [ring of willpower]

   Int:       It affects your intelligence (+3).
   rC:        It greatly protects you from cold.
   rPois:     It protects you from poison.
   *Slow:     It may slow you when you take damage.
   Will:      It increases your willpower.
Wands
 e - a wand of mindburst (8)
 s - a wand of acid (13)
 v - a wand of polymorph (20)
 C - a wand of flame (24)
 N - a wand of digging (7)
 R - a wand of paralysis (10)
Scrolls
 d - 3 scrolls of noise
 f - a scroll of torment
 l - a scroll of holy word
 m - 3 scrolls of fear
 p - 2 scrolls of immolation {unknown}
 A - 4 scrolls of teleportation
 B - 3 scrolls of blinking {unknown}
 E - 2 scrolls of enchant weapon {unknown}
 G - 2 scrolls of amnesia {unknown}
 H - a scroll of brand weapon {unknown}
 I - 4 scrolls of enchant armour {unknown}
 O - 2 scrolls of vulnerability {unknown}
 Y - 2 scrolls of identify
Potions
 c - 4 potions of lignification
 h - 3 potions of haste
 j - 2 potions of berserk rage
 k - 3 potions of invisibility
 r - a potion of heal wounds
 u - a potion of attraction
 w - a potion of magic
 x - 2 potions of ambrosia
 F - a potion of degeneration
 J - 7 potions of curing
Miscellaneous
 X - a phial of floods


   Skills:
 + Level 11.0 Fighting
 - Level 3.5 Maces & Flails
 + Level 10.4 Polearms
 + Level 12.5 Armour
 + Level 12.5 Dodging
 + Level 10.1 Shields


You had 13 spell levels left.
You didn't know any spells.
Your spell library was empty.

Dungeon Overview and Level Annotations

Branches:
Dungeon (11/15)            Temple (0/1) D:7            Lair (5/6) D:9
 Shoals (0/4) Lair:4       Spider (0/4) Lair:3        Slime (0/5) Lair:5
    Orc (0/2) D:9         Volcano (1/1)

Altars:
Ashenzari
Dithmenos
Elyvilon
Kikubaaqudgha
Makhleb
Nemelex Xobeh
Okawaru
Qazlal
Ru
Vehumet
Zin

Shops:
D:5 *


Innate Abilities, Weirdness & Mutations

You are resistant to damage.
You can heal yourself by infusing magical energy.
You resist negative energy. (rN+)
You passively map the area around you.
You do not regenerate.


Message History

You block the stone giant's attack.
Your shield prevents you from hitting the stone giant.
The stone giant is heavily wounded.
You block the stone giant's attack.
You hit the stone giant.
The stone giant is heavily wounded.
You are no longer berserk.
You are exhausted.
You feel yourself slow down.
You hit the stone giant but do no damage.
The stone giant is heavily wounded.
The stone giant hits you!!
* * * LOW HITPOINT WARNING * * *
You hit the stone giant.
You feel better.
The stone giant is heavily wounded.
Your skin stops crawling.
You feel less strong-willed. You block the stone giant's attack.
The stone giant completely misses you.
You hit the stone giant.
The stone giant is heavily wounded.
The stone giant hits you!!
* * * LOW HITPOINT WARNING * * *
You hit the stone giant.
You feel better.
The stone giant is heavily wounded.
You block the stone giant's attack.
You feel much better. You block the stone giant's attack. x2
You hit the stone giant but do no damage.
The stone giant is heavily wounded.
The stone giant hits you!!
* * * LOW HITPOINT WARNING * * *
You hit the stone giant but do no damage.
The stone giant is heavily wounded.
You block the stone giant's attack.
You hit the stone giant but do no damage.
The stone giant is heavily wounded.
You block the stone giant's attack. The stone giant hits you!
* * * LOW HITPOINT WARNING * * *
You hit the stone giant but do no damage.
The stone giant is heavily wounded.
The stone giant hits you!!
You die...

≈≈≈≈≈≈§§≈§§§§≈§≈≈§§≈≈≈≈≈≈○≈≈≈§§≈§
≈§≈≈§≈§≈§§§≈§≈§≈≈§≈≈§§≈≈§○≈≈§§≈§§
§§§≈≈≈§§§≈§§≈≈≈§§≈≈§≈≈≈≈≈○≈≈≈§§§§
§§§§§≈≈≈§≈≈§≈§§§≈≈≈≈≈≈≈≈○○≈≈≈☼§§§
§§§§§§≈§§§≈≈§.≈§≈§§≈≈≈§§.≈.≈≈§≈≈§
§§§§§≈≈§≈..............§.°°§°○§≈≈
§≈§§≈≈≈≈≈.#################.○§≈§§
≈§§≈§≈§§§.#....C.....+, ,#.≈≈§§§
≈§≈§≈≈≈≈≈.#.∩..#@8_8.# #.≈≈§≈≈
§≈≈≈≈≈≈≈≈.#..C #.....# #.§§§§§
≈≈§§§§§≈..###++###)###++###.≈§§≈§
.≈≈§§§§≈§.#......#=#......#.≈≈§§§
§§.≈§§§≈§.######.#.#.######.§≈≈≈≈
§≈≈..§§≈§.# , #.# ,, #..≈≈§≈
§≈≈≈≈§§§≈.# , * #.# #.§≈≈≈≈
§§≈≈≈≈≈...# , , #.#, #..≈≈≈§
≈§§≈≈§≈≈≈.# #.# , #..§≈≈≈


You could see a stone giant.

Vanquished Creatures
  Gastronok (D:11)
  Harold (D:7)
  8 hydras
  A catoblepas (Lair:3)
  4 two-headed ogres
  2 death yaks (Lair:3)
  2 ugly things (D:11)
  10 elephants
  Joseph (D:7)
  A merfolk siren (Lair:4)
  2 black mambas (Lair:2)
  10 cane toads
  A gargoyle (Volcano)
  A torpor snail (Lair:3)
  A rime drake (Lair:4)
  7 komodo dragons
  An efreet (Volcano)
  4 trolls
  A polar bear (Lair:2)
  Grinder (D:6)
  A hornet (D:8)
  18 blink frogs
  A shadow (D:11)
  2 wraiths
  A tarantella (Lair:3)
  54 yaks
  4 basilisks
  2 fire elementals (Volcano)
  4 wyverns
  3 steam dragons
  2 fire bats (Volcano)
  Grum (D:8)
  A warg (D:9)
  7 water moccasins
  2 orc warriors (D:9)
  An ice beast (D:6)
  A sky beast (D:5)
  2 hornet zombies
  A necrophage (D:6)
  6 centaurs
  An ogre (D:4)
  18 wolves
  A phantom (D:5)
  Blork the orc (D:6)
  6 kobold brigands
  9 bullfrogs
  A scorpion (D:4)
  A water moccasin skeleton (D:4)
  A killer bee (D:9)
  16 wights (D:8)
  A howler monkey (D:9)
  9 lava snakes
  4 centaur zombies
  6 hounds
  2 bullfrog skeletons
  A bullfrog zombie (D:6)
  Crazy Yiuf (D:7)
  2 orc priests (D:9)
  2 jellies
  2 iguanas
  2 centaur skeletons
  2 hell rats (Lair:2)
  5 orc wizards
  2 howler monkey zombies
  Robin (D:3)
  4 gnolls (D:4)
  4 adders
  7 river rats (Lair:2)
  2 white imps (D:6)
  An adder skeleton (D:3)
  A worm (D:3)
  4 dart slugs
  21 orcs
  7 bats
  5 bat skeletons (D:9)
  A bat zombie (D:9)
  7 endoplasms
  A giant cockroach (D:3)
  14 goblins
  12 hobgoblins
  8 jackals
  5 quokkas
  5 ball pythons
  4 frilled lizards
  41 kobolds
  A quokka skeleton (D:4)
  6 rats
432 creatures vanquished.

Vanquished Creatures (others)
  Duvessa (D:7)
  Dowan (D:7)
  19 fungi
  13 plants
34 creatures vanquished.

Grand Total: 466 creatures vanquished

Notes
Turn   | Place    | Note
-------+----------+-------------------------------------------
     0 | D:1      | siradein the Deep Dwarf Berserker began the quest for the
                  | Orb.
     0 | D:1      | Reached XP level 1. HP: 20/20 MP: 1/1
    34 | D:1      | Reached XP level 2. HP: 21/27 MP: 2/2
    55 | D:1      | Found a faded altar of an unknown god.
   384 | D:1      | Reached XP level 3. HP: 13/34 MP: 3/3
   661 | D:1      | Reached ** piety under Trog
  1560 | D:3      | Noticed Robin
  1565 | D:3      | Reached XP level 4. HP: 42/42 MP: 4/4
  1603 | D:3      | Killed Robin
  1657 | D:3      | Reached skill level 1 in Polearms
  1685 | D:3      | Found a glowing silver altar of Zin.
  1687 | D:3      | Found a broken altar of Ashenzari.
  1777 | D:3      | Reached XP level 5. HP: 49/49 MP: 5/5
  1810 | D:3      | Found a sacrificial altar of Ru.
  1969 | D:4      | Noticed a steam dragon
  2001 | D:4      | Reached *** piety under Trog
  2038 | D:4      | Reached XP level 6. HP: 18/57 MP: 6/6
  2150 | D:4      | Found a stormy altar of Qazlal.
  2547 | D:4      | Killed a steam dragon
  2548 | D:4      | Reached XP level 7. HP: 33/66 MP: 7/7
  2946 | D:5      | Entered Level 5 of the Dungeon
  3040 | D:5      | Found Woschafai's General Store.
  3067 | D:5      | Reached skill level 5 in Dodging
  3165 | D:5      | Reached skill level 5 in Armour
  3202 | D:5      | Noticed a yak
  3203 | D:5      | Noticed a yak
  3203 | D:5      | Noticed a yak
  3211 | D:5      | Killed a yak
  3218 | D:5      | Killed a yak
  3219 | D:5      | Reached skill level 5 in Fighting
  3219 | D:5      | Reached XP level 8. HP: 74/74 MP: 8/8
  3806 | D:5      | Found a radiant altar of Vehumet.
  4240 | D:6      | Noticed Blork the orc
  4255 | D:6      | Killed Blork the orc
  4313 | D:6      | Found an iron altar of Okawaru.
  4437 | D:6      | Found a shadowy altar of Dithmenos.
  4553 | D:6      | Noticed Grinder
  4562 | D:6      | Killed Grinder
  4563 | D:6      | Reached skill level 5 in Polearms
  4563 | D:6      | Gained mutation: You passively map the area around you.
                  | [Deep Dwarf growth]
  4563 | D:6      | Reached XP level 9. HP: 54/82 MP: 9/9
  4862 | D:7      | Noticed Harold
  4894 | D:7      | Killed Harold
  5063 | D:7      | Killed Dowan
  5171 | D:7      | Killed Duvessa
  5457 | D:7      | Found a runed translucent door.
  5458 | D:7      | Noticed Crazy Yiuf
  5868 | D:7      | Noticed Joseph
  5885 | D:7      | Killed Joseph
  5886 | D:7      | Reached skill level 1 in Shields
  6032 | D:7      | Found a staircase to the Ecumenical Temple.
  6145 | D:7      | Killed Crazy Yiuf
  6250 | D:8      | Reached XP level 10. HP: 57/90 MP: 10/10
  6371 | D:8      | Noticed a two-headed ogre
  6380 | D:8      | Killed a two-headed ogre
  6475 | D:8      | Noticed a two-headed ogre
  6485 | D:8      | Killed a two-headed ogre
  6486 | D:8      | Paralysed by a hornet for 3 turns
  6712 | D:8      | Noticed Grum
  6771 | D:8      | Killed Grum
  6836 | D:8      | Reached **** piety under Trog
  7576 | D:9      | Reached XP level 11. HP: 71/103 MP: 11/11
  7623 | D:9      | Found a staircase to the Orcish Mines.
  7920 | D:9      | Found a staircase to the Lair.
  7989 | D:9      | Identified the +7 short sword of a ziggurat {protect,
                  | Int+2}
  8124 | D:9      | Found a sparkling altar of Nemelex Xobeh.
  8199 | D:9      | Found a white marble altar of Elyvilon.
  8713 | D:9      | Found an ancient bone altar of Kikubaaqudgha.
  8889 | D:9      | Reached skill level 5 in Shields
  9051 | D:10     | Entered Level 10 of the Dungeon
  9311 | D:5      | Bought a ring of see invisible for 150 gold pieces
  9942 | D:10     | Found a burning altar of Makhleb.
 10309 | D:10     | Noticed a two-headed ogre
 10317 | D:10     | Killed a two-headed ogre
 10803 | D:11     | Noticed a four-headed hydra
 10823 | D:11     | Killed a four-headed hydra
 10841 | D:11     | Reached skill level 10 in Armour
 10841 | D:11     | Reached skill level 10 in Dodging
 10975 | D:11     | Noticed a two-headed ogre
 11010 | D:11     | Killed a two-headed ogre
 11025 | D:11     | Noticed a purple ugly thing
 11074 | D:11     | Killed a purple ugly thing
 11129 | D:11     | Noticed Gastronok
 11185 | D:11     | Killed Gastronok
 11379 | D:11     | Noticed a red ugly thing
 11418 | D:11     | Killed a red ugly thing
 11419 | D:11     | Reached XP level 12. HP: 70/114 MP: 12/12
 11668 | Lair:1   | Entered Level 1 of the Lair of Beasts
 11668 | Lair:1   | Noticed a four-headed hydra
 11699 | Lair:1   | Killed a four-headed hydra
 12072 | Lair:1   | Noticed a six-headed hydra
 12094 | Lair:1   | Killed a six-headed hydra
 12197 | Lair:1   | Identified the ring of the Garden {*Slow rPois rC++ Will+
                  | Int+3}
 13405 | Lair:2   | Noticed an eight-headed hydra
 13409 | Lair:2   | Noticed a six-headed hydra
 13431 | Lair:2   | Killed an eight-headed hydra
 13439 | Lair:2   | Killed a six-headed hydra
 13440 | Lair:2   | Reached skill level 10 in Fighting
 13641 | Lair:2   | Noticed an eight-headed hydra
 13658 | Lair:2   | Killed an eight-headed hydra
 13659 | Lair:2   | Reached XP level 13. HP: 106/123 MP: 13/13
 13750 | Lair:2   | Reached ***** piety under Trog
 15482 | Lair:3   | Found a hole to the Spider Nest.
 15797 | Lair:3   | Reached skill level 10 in Polearms
 16947 | Lair:4   | Found a staircase to the Shoals.
 17348 | Lair:5   | Reached skill level 10 in Shields
 17518 | Lair:5   | Found a dark tunnel.
 17523 | Volcano  | Entered a volcano
 17957 | Volcano  | Found a bloodstained altar of Trog.
 17987 | Volcano  | Gained mutation: You resist negative energy. (rN+) [Deep
                  | Dwarf growth]
 17987 | Volcano  | Reached XP level 14. HP: 83/133 MP: 14/14
 18006 | Volcano  | Received a gift from Trog
 18015 | Volcano  | Noticed a stone giant
 18061 | Volcano  | Mangled by a stone giant

Illustrated notes

Levels and vault maps discovered:
D:1:      dpeg_arrival_rhombus, layout_basic, hellmonk_ecumenical_altar_run_dry
D:2:      layout_loops_ring
D:3:      layout_rooms, nicolae_overflow_hidden_temple,
          nicolae_ru_great_annihilating_truth, chequers_serial_rivers_small_b,
          hangedman_glass_teeth, uniq_robin
D:4:      layout_loops_cross, marbit_many_paths, grunt_ministairs_1
D:5:      layout_basic, nicolae_vehumet_altar_sigil, serial_shops, shop
D:6:      layout_loops_ring, lemuel_doored_altar,
          mainiacjoe_overflow_cross_hatched, moated_statue, chequers_avenue,
          small_statue_intersection, uniq_blork_the_orc, uniq_grinder
D:7:      layout_loops_ring, lemuel_temple_firewalk_a, minmay_misc_feat_roman,
          amcnicky_mini_rare_corridor_liquid, serial_bayou_pond_d, uniq_joseph,
          uniq_crazy_yiuf_cottage, uniq_duvessa, uniq_harold
D:8:      layout_loops_ring, serial_glass, glass_columns_a, glass_columns_a,
          glass_columns_c, glass_columns_a, uniq_grum
D:9:      layout_basic, elyvilon_altar_1, nemelex_xobeh_ov_fountains_minmay,
          kennysheep_vampire_church, lair_entry_dummy, erik_orc_3,
          kennysheep_generic_room_12
D:10:     layout_basic, mainiacjoe_overflow_six_doors_small
D:11:     layout_long_grid, uniq_gastronok
Lair:1:   layout_gridlike
Lair:2:   nzn_winding_woodlands_medium [nzn_winding_woodlands_5x5_perimeter,
          nzn_winding_woodlands_5x15_lazy_stream,
          nzn_winding_woodlands_5x5_three,
          nzn_winding_woodlands_5x5_checkerboard,
          nzn_winding_woodlands_center_diamonds,
          nzn_winding_woodlands_hourglass,
          nzn_winding_woodlands_5x5_closed_star,
          nzn_winding_woodlands_5x15_zeroes, nzn_winding_woodlands_5x5_default],
          layout_regular_city, kennysheep_rathole
Lair:3:   layout_loops_ring, spider_nest_entry_rubble, grunt_megastairs_4,
          lemuel_fruit_tree
Lair:4:   layout_misc_corridors, minmay_shoals_entry_lonely_mermaid
Lair:5:   layout_regular_city, slime_dummy, enter_volcano_4,
          nzn_masters_of_martial_movement
Volcano:  volcano_lake [vl_original]

Skill      XL: |  1  2  3  4  5  6  7  8  9 10 11 12 13 14 |
---------------+-------------------------------------------+-----
Fighting       | 3 4 5 6 7 8 9 10 11 | 11.0
Armour         | 3 4 5 6 8 9 10 11 12 | 12.5
Dodging        | 3 4 5 6 8 9 10 11 12 | 12.5
Polearms       | 1 2 3 5 6 7 8 9 10 | 10.4
Shields        | 1 4 6 8 10 | 10.1
Maces & Flails | |  3.5

Action                   |  1- 3 |  4- 6 |  7- 9 | 10-12 | 13-15 || total
-------------------------+-------+-------+-------+-------+-------++-------
Melee: Mace              |    95 |       |       |       |       ||    95
       Spear             |    64 |   238 |   412 |  1689 |  1472 ||  3875
Invok: Trog's Hand       |     1 |     3 |     8 |    13 |     9 ||    34
       Berserk           |       |     1 |     5 |     9 |     4 ||    19
 Abil: Heal Wounds       |       |       |       |     1 |     2 ||     3
  Use: Scroll            |       |       |    10 |     4 |     2 ||    16
       Potion            |       |       |       |       |     3 ||     3
 Stab: Sleeping          |     1 |       |       |       |       ||     1
       Paralysed         |       |     1 |       |       |       ||     1
Armor: Animal skin       |    21 |       |       |       |       ||    21
       Leather armour    |    24 |       |       |       |       ||    24
       Acid dragon scale |    10 |   131 |   100 |   124 |       ||   365
       Plate armour      |       |       |       |   372 |   638 ||  1010
Dodge: Dodged            |   107 |   217 |   180 |   597 |   513 ||  1614
Block: Tower shield      |       |       |    11 |       |   754 ||   765
       Buckler           |       |       |       |   406 |   378 ||   784
       Reflection        |       |       |       |     1 |     7 ||     8

Table legend: (Time is in decaauts)
 A = Elapsed time spent in this place.
 B = Non-inter-level travel time spent in this place.
 C = Inter-level travel time spent in this place.
 D = Time resting spent in this place.
 E = Time spent auto-exploring this place.
 F = Levels seen in this place.
 G = Mean time per level.
                   A        B        C        D        E       F      G
               +--------+--------+--------+--------+--------+-----+--------+
         Total |  17393 |  16524 |    869 |   1576 |   9867 |  17 | 1023.1 |
       Dungeon |  11560 |  10875 |    685 |   1206 |   6938 |  11 | 1050.9 |
          Lair |   5303 |   5120 |    183 |    333 |   2657 |   5 | 1060.6 |
       Volcano |    530 |    530 |      0 |     37 |    271 |   1 |  530.0 |
               +--------+--------+--------+--------+--------+-----+--------+

Top non-repeatable levels by time:
     D:9: 1771 daAuts
  Lair:2: 1680 daAuts
     D:7: 1446 daAuts
  Lair:3: 1302 daAuts
    D:10: 1253 daAuts
     D:8: 1158 daAuts
     D:6: 1067 daAuts
  Lair:4: 1016 daAuts
  Lair:1: 1015 daAuts
     D:4: 969 daAuts
     D:5: 942 daAuts
    D:11: 928 daAuts
     D:1: 792 daAuts
     D:2: 716 daAuts
 Volcano: 530 daAuts
